cohdb
Replays
Latest Replays
All Replays
Popular Replays
Top Player Replays
Match Explorer
How It Works
Community
CoH3 Stats
Reddit
Sign in to upload your games and track your stats! →
Sign in with Steam
Match 45359318
Unlisted
Match 45359318
Overview
Messages
Build Orders
End
Construct Section Command Post
Royal Engineer Section
Selects Heavy Armor Battlegroup
Vickers Machine Gun Team
Vickers Machine Gun Team
Royal Engineer Section
Construct Section Command Post
Selects Engineer Detachments
Construct Field Infirmary
Construct Platoon Command Post
Selects Forward Repair Assembly
Royal Engineer Section
Royal Engineer Section
Construct Company Command Post
Royal Engineer Section
Royal Engineer Section
Selects UNKNOWN (2162094)
Churchill IV Heavy Tank
Selects Light Vehicle Withdraw and Refit
Selects Radio Net
Selects Recon Artillery
Royal Engineer Section
Churchill IV Heavy Tank
Recon Artillery
Royal Engineer Section
Royal Engineer Section
6-pounder Anti-tank Gun Team
6-pounder Anti-tank Gun Team
Churchill IV Heavy Tank
Infantry Training
Chubbybro
Neon-Reactionary
kingweef
ToastyWaffles
STALKER4732
Frühstück
rudyrydz
Devochkin
0
0
Comments
sign in to comment!
No comments posted yet!